 Dungeon Crawl Stone Soup version 0.28.0-53-g5a82cb258f (webtiles) character file.

Game seed: 8678209843513059487

968 101zpm the Magician (level 8, -8/50 HPs)
             Began as a Djinni Fire Elementalist on May 22, 2022.
             Killed from afar by a kobold (28 damage)
             ... with a bolt of acid
             ... on level 6 of the Dungeon.
             The game lasted 00:07:07 (6301 turns).

101zpm the Magician (Djinni Fire Elementalist)      Turns: 6301, Time: 00:07:08

Health: -8/50      AC:  5    Str:  7    XL:     8   Next: 38%
Gold:   136        EV: 12    Int: 19    God:
                   SH:  0    Dex: 14

rFire   + + .      SeeInvis .   (no weapon)
rCold   x . .      Faith    .   (no shield)
rNeg    . . .      Spirit   .   a - +0 robe
rPois   ∞          Reflect  .   (no helmet)
rElec   .          Harm     .   (no cloak)
rCorr   .          Rampage  .   e - +2 pair of gloves
Will    .....                   (boots unavailable)
Stlth   ++........              (no amulet)
HPRegen 0.16/turn               (no ring)
MPRegen 0.00/turn               (no ring)

@: flying
A: sickness immunity, fire resistance 2, cold vulnerability 1, float, innate
caster, HP casting, extra vitality 1
a: no special abilities


You were on level 6 of the Dungeon.
You visited 1 branch of the dungeon, and saw 6 of its levels.

You collected 136 gold pieces.

Inventory:

Hand Weapons
 i - the +6 hunting sling "Xalysuac" {venom, Drain Dex+6}
   (You found it on level 3 of the Dungeon)

   Any ammunition fired from it poisons the flesh of those it strikes.
   Dex:       It affects your dexterity (+6).
   Drain:     It drains your maximum health when unequipped.
Armour
 a - a +0 robe (worn)
 e - a +2 pair of gloves (worn)
Wands
 h - a wand of acid (4)
Scrolls
 b - 5 scrolls of identify {unknown}
 c - a scroll of summoning {unknown}
 d - a scroll of magic mapping {unknown}
 g - a scroll of silence {unknown}
 l - a scroll of immolation {unknown}
 m - a scroll of enchant armour {unknown}
 n - a scroll of vulnerability {unknown}
 o - a scroll of holy word {unknown}
 p - a scroll of teleportation {unknown}
Potions
 f - a potion of curing {unknown}
 j - 2 potions of heal wounds {unknown}
 k - a potion of lignification {unknown}
 q - a potion of haste {unknown}
 r - a potion of flight {unknown}
 s - a potion of might {unknown}


   Skills:
 + Level 0.1 Fighting
 + Level 2.5 Dodging
 + Level 2.7 Stealth
 + Level 7.1 Spellcasting


You had 3 spell levels left.
You knew the following spells:

 Your Spells              Type           Power      Damage    Failure   Level
a - Foxfire               Conj/Fire      100%       2x1d9     1%          1
b - Scorch                Fire           66%        2d8       1%          2
c - Conjure Flame         Conj/Fire      33%        6-21      1%          3
d - Inner Flame           Hex/Fire       33%        N/A       1%          3
e - Flame Wave            Conj/Fire      33%        2d8       5%          4
f - Shock                 Conj/Air       100%       1d9       1%          1
g - Static Discharge      Conj/Air       33%        N/A       1%          2
h - Poisonous Vapours     Pois/Air       66%        N/A       1%          2
Your spell library was empty.

Dungeon Overview and Level Annotations

Branches:
Dungeon (7/15)             Temple (0/1) D:4

Altars:
Kikubaaqudgha
Sif Muna

Shops:
D:6 (   D:7 (

Annotations:
D:4 Robin


Innate Abilities, Weirdness & Mutations

You are immune to sickness and miasma.
You are immune to poison.
Your flesh is very heat resistant. (rF++)
You are vulnerable to cold. (rC-)
You float through the air rather than walking.
You learn spells naturally, not from books.
Your magical power is your life essence.
You have superior vitality. (+4 MHP)


Message History

You conjure some foxfire!
Your foxfire dissipates! x2
The kobold unwields a +0 dagger.
The kobold wields a +0 hand crossbow.
The kobold shoots a bolt.
The bolt barely misses you.
Casting: Foxfire (safe; 1% risk of failure)
Press: ? - help, Q - select action, (/) - cycle Dir - look around, f - activate You conjure some foxfire!
* * * LOW HITPOINT WARNING * * *
The kobold shoots a bolt.
The bolt barely misses you. The bolt closely misses your foxfire.
Casting: Foxfire (safe; 1% risk of failure)
Press: ? - help, Q - select action, (/) - cycle Dir - look around, f - activate You conjure some foxfire!
* * * LOW HITPOINT WARNING * * *
The foxfire hits the kobold.
You kill the kobold!
Your foxfire dissipates!
Your foxfire dissipates!
Your foxfire dissipates!
A kobold comes into view. It is wielding a +0 short sword.
Casting: Foxfire (safe; 1% risk of failure)
Press: ? - help, Q - select action, (/) - cycle Dir - look around, f - activate You conjure some foxfire!
* * * LOW HITPOINT WARNING * * *
Casting: Foxfire (safe; 1% risk of failure)
Press: ? - help, Q - select action, (/) - cycle Dir - look around, f - activate You conjure some foxfire!
* * * LOW HITPOINT WARNING * * *
The foxfire hits the kobold.
You kill the kobold!
Your foxfire dissipates! x2
A kobold comes into view.
It is wielding a +0 whip, quivering poisoned darts and carrying a wand of acid (8).
Casting: Foxfire (safe; 1% risk of failure)
Press: ? - help, Q - select action, (/) - cycle Dir - look around, f - activate You conjure some foxfire!
The kobold shouts!
The kobold zaps a wand.
The bolt of acid hits your foxfire!! The acid corrodes your foxfire!
The bolt of acid hits you!!
Ouch! That really hurt!
You die...

.........................+...>#
.......###..###.###....:.####.###
.......# ##.###.# #......# #..[#
.......# #..##.# #......# ###.#
.......# ##.##.# #......# #..
.......#####..#.###......######..
.................................
.......######.#v........#########
###....# #.#.@....... ....#
#.#......... ### #.#....#####
#...##)# ##..# )∩ #..# K#. #..#
### ...


You could see a kobold.

Vanquished Creatures
  Grinder (D:3)
  A necrophage (D:7)
  2 ogres
  A kobold brigand (D:6)
  A howler monkey (D:4)
  A hound (D:7)
  2 jellies
  4 iguanas
  An orc priest (D:3)
  Terence (D:3)
  An orc wizard (D:6)
  2 howler monkey skeletons
  3 adders
  A shadow imp (D:7)
  A white imp (D:6)
  3 worms
  5 orcs
  4 ball pythons
  5 endoplasms
  5 giant cockroaches
  10 goblins
  9 hobgoblins
  7 jackals
  3 quokkas
  4 bats
  4 frilled lizards
  A jackal skeleton (D:4)
  7 kobolds
  2 rats
92 creatures vanquished.

Vanquished Creatures (collateral kills)
  4 foxfires (D:4)
4 creatures vanquished.

Vanquished Creatures (others)
  316 foxfires
  2 plants
318 creatures vanquished.

Grand Total: 414 creatures vanquished

Notes
Turn   | Place    | Note
-------+----------+-------------------------------------------
     0 | D:1      | 101zpm the Djinni Fire Elementalist began the quest for the
                  | Orb.
     0 | D:1      | Reached XP level 1. HP: 15/15 MP: 0/0
   184 | D:1      | Reached XP level 2. HP: 3/21 MP: 0/0
  1059 | D:1      | Found a faded altar of an unknown god.
  1171 | D:2      | Reached skill level 3 in Spellcasting
  1300 | D:2      | Reached XP level 3. HP: 16/25 MP: 0/0
  1300 | D:2      | Learned a level 1 spell: Shock
  2019 | D:4      | Reached XP level 4. HP: 14/31 MP: 0/0
  2022 | D:4      | Reached XP level 5. HP: 4/35 MP: 0/0
  2022 | D:4      | Learned a level 2 spell: Static Discharge
  2367 | D:4      | Reached skill level 4 in Spellcasting
  2383 | D:4      | Noticed Robin
  3536 | D:3      | Identified the +6 hunting sling "Xalysuac" {venom, Drain
                  | Dex+6}
  4325 | D:3      | Noticed Terence
  4328 | D:3      | Killed Terence
  4329 | D:3      | Reached XP level 6. HP: 32/40 MP: 0/0
  4543 | D:3      | Noticed Grinder
  4549 | D:3      | Killed Grinder
  4550 | D:3      | Reached skill level 5 in Spellcasting
  4550 | D:3      | Reached XP level 7. HP: 36/45 MP: 0/0
  4550 | D:3      | Learned a level 2 spell: Poisonous Vapours
  4821 | D:4      | Found a staircase to the Ecumenical Temple.
  5119 | D:4      | You are sucked into a shaft and drop 3 floors!
  5119 | D:7      | Found Zeras's Antique Weapon Emporium.
  5123 | D:7      | Reached skill level 6 in Spellcasting
  5380 | D:7      | Reached XP level 8. HP: 44/50 MP: 0/0
  6173 | D:6      | Found Qiydduot's Firing Range.
  6243 | D:6      | Reached skill level 7 in Spellcasting
  6301 | D:6      | Killed from afar by a kobold

Illustrated notes

Levels and vault maps discovered:
D:1:      ncdulo_halloftheorcs, layout_rooms, shapermc_ecumenical_altar_ellora
D:2:      layout_loops_ring, basic_altar, lemuel_flame_loot_1
D:3:      layout_loops_corners, mainiacjoe_overflow_six_doors_small,
          minmay_fountain_box, nicolae_elevator_lobby_plus, uniq_terence,
          uniq_grinder
D:4:      cheibrodos_old_hovel, layout_cave_pools,
          chequers_temple_overflow_statue_of_worship, okawaru_altar_gauntlet_db,
          minmay_temple_entry_overgrown, uniq_robin
D:6:      layout_basic, nicolae_overflow_hidden_temple,
          nicolae_shop_firing_range
D:7:      layout_layer_cave, serial_shops, nicolae_shop_overgrown_old_shop

Skill      XL: |  1  2  3  4  5  6  7  8 |
---------------+-------------------------+-----
Spellcasting   | 3 4 5 6 7 |  7.1
Stealth        | 2 |  2.7
Fighting       | |  0.1
Dodging        | |  2.5

Action                   |  1- 3 |  4- 6 |  7- 9 || total
-------------------------+-------+-------+-------++-------
 Cast: Foxfire           |    55 |    40 |    96 ||   191
       Scorch            |    18 |    27 |     8 ||    53
       Inner Flame       |       |    18 |    21 ||    39
Armor: Robe              |     4 |       |     1 ||     5
Dodge: Dodged            |     7 |     5 |     3 ||    15
